 Dungeon Crawl Stone Soup version 0.21-a0-634-gaf8bc5d (webtiles) character file.

234 VirginKiller the Changer (level 5, -5/39 HPs)
             Began as a Demigod Transmuter on Dec 29, 2017.
             Blown up by Ijyb (17 damage)
             ... with a wand of disintegration (6)
             ... on level 3 of the Dungeon.
             The game lasted 00:13:54 (1478 turns).

VirginKiller the Changer (Demigod Transmuter)       Turns: 1478, Time: 00:13:55

Health: -5/39      AC:  2    Str: 13    XL:     5   Next: 46%
Magic:  8/10       EV: 20    Int: 17    God:
Gold:   163        SH:  0    Dex: 23    Spells: 3/7 levels left

rFire    . . .     SeeInvis .     - Unarmed
rCold    . . .     Gourm    .   (shield currently unavailable)
rNeg     . . .     Faith    .   (armour currently unavailable)
rPois    x         Spirit   .   (helmet currently unavailable)
rElec    .         Reflect  .   (cloak currently unavailable)
rCorr    .         Harm     .   (gloves currently unavailable)
MR       .....                  (boots currently unavailable)
Stlth    ++........             (no amulet)
HPRegen  0.13/turn              (no ring)
MPRegen  0.12/turn              (no ring)

@: spider-form (expiring)
A: tiny, high mp 1
a: End Transformation


You were on level 3 of the Dungeon.
You were not hungry.
You were a venomous arachnid creature.
You visited 1 branch of the dungeon, and saw 3 of its levels.

You collected 163 gold pieces.

Inventory:

Missiles
 a - 61 arrows
Armour
 b - a +0 robe (melded)
 r - a +0 pair of gloves (melded)
Jewellery
 e - an uncursed amulet of regeneration {unknown}
Wands
 g - a wand of random effects (39)
Scrolls
 h - a scroll of blinking {unknown}
 i - a scroll of teleportation {unknown}
 l - a scroll of enchant weapon {unknown}
 o - a scroll of remove curse {unknown}
 p - a scroll of enchant armour {unknown}
 q - a scroll of identify {unknown}
Potions
 j - 2 potions of curing
 k - a potion of might {unknown}
 m - a potion of resistance
 n - a potion of magic {unknown}
 s - a potion of flight
Books
 c - a book of Changes

   Spells                             Type                      Level
   a - Beastly Appendage              Transmutation                1
   b - Sticks to Snakes               Transmutation                2
   c - Spider Form                    Transmutation/Poison         3
   d - Ice Form                       Ice/Transmutation            4
   e - Blade Hands                    Transmutation                5
Comestibles
 d - 5 rations


   Skills:
 - Level 0.8 Fighting
 - Level 1.7 Dodging
 - Level 2.6 Unarmed Combat
 * Level 1.8 Spellcasting
 - Level 5.0 Transmutations
 - Level 2.1 Poison Magic


You had 3 spell levels left.
You knew the following spells:

 Your Spells              Type           Power        Failure   Level  Hunger
a - Beastly Appendage     Tmut           ###...       10%         1    #......
b - Spider Form           Tmut/Pois      ##........   32%         3    ###....


Dungeon Overview and Level Annotations

Branches:
Dungeon (3/15)

Annotations:
D:3 Ijyb


Innate Abilities, Weirdness & Mutations

You have an increased reservoir of magic. (+10% MP)


Message History

Ijyb misses you.
You hit Ijyb.
Ijyb looks as sick as possible!
Ijyb is moderately wounded.
You hit Ijyb but do no damage.
Ijyb looks as sick as possible!
Ijyb is moderately wounded.
Ijyb misses you.
You completely miss Ijyb.
Ijyb is moderately wounded.
Your transformation is almost over.
Ijyb hits you but does no damage.
You hit Ijyb but do no damage.
Ijyb is moderately wounded.
Ijyb zaps a wand.
You are blasted!
You barely miss Ijyb.
Ijyb is heavily wounded.
Ijyb misses you.
You closely miss Ijyb.
Ijyb is heavily wounded.
Ijyb zaps a wand.
You are blasted!
You die...

#.###.#########
..#.#.#####.###
...#...........# ##
##..#.#.#######.# #.
.....#.........#
#.####...#.#########
#.#......#.........
#g#.###..#.########
#.#s..#......
#.g.#.#......
#...#.#........
#.#.#..<....... #
#.#..........#
#.#.#...>....
#.#.#####..#. ..#..
.... ##### .#?


You could see Ijyb.

Vanquished Creatures
  Sigmund (D:2)
  An adder (D:3)
  2 dart slugs
  A leopard gecko (D:3)
  9 bats
  3 giant cockroaches (D:2)
  11 goblins
  10 hobgoblins
  4 jackals (D:2)
  2 kobolds
  A quokka (D:2)
  A ball python (D:3)
  A frilled lizard (D:1)
  7 rats
54 creatures vanquished.

Notes
Turn   | Place    | Note
-------+----------+-------------------------------------------
     0 | D:1      | VirginKiller the Demigod Transmuter began the quest for the Orb.
     0 | D:1      | Reached XP level 1. HP: 15/15 MP: 5/5
    17 | D:1      | Reached skill level 2 in Transmutations
   127 | D:1      | Found an iron altar of Okawaru.
   156 | D:1      | Reached XP level 2. HP: 5/22 MP: 7/7
   348 | D:1      | Reached skill level 3 in Transmutations
   670 | D:2      | Reached XP level 3. HP: 18/27 MP: 6/8
   732 | D:2      | Learned a level 3 spell: Spider Form
   872 | D:2      | Noticed Sigmund
   904 | D:2      | Killed Sigmund
   904 | D:2      | Reached skill level 4 in Transmutations
   904 | D:2      | Reached XP level 4. HP: 31/34 MP: 5/9
   904 | D:2      | Reached XP level 5. HP: 36/39 MP: 5/10
  1359 | D:3      | Reached skill level 5 in Transmutations
  1465 | D:3      | Noticed Ijyb
  1478 | D:3      | Blown up by Ijyb

Vault maps used:
D:1:      dpeg_arrival_arbitrary_b, okawaru_ov_weapons_minmay
D:2:      kennysheep_the_goblin_king, minmay_misc_feat_nine_boxes, uniq_sigmund
D:3:      nicolae_overflow_hidden_temple, minmay_overflow_temple_star_hex,
          first_ration, minmay_misc_feat_tiny, uniq_ijyb

Skill      XL: |  1  2  3  4  5 |
---------------+----------------+-----
Transmutations | 2 3 4 5 |  5.0
Poison Magic   | 2 |  2.1
Fighting       | |  0.8
Dodging        | |  1.7
Unarmed Combat | |  2.6
Spellcasting   | |  1.8

Action                   |  1- 3 |  4- 6 || total
-------------------------+-------+-------++-------
Melee: Unarmed           |   110 |    60 ||   170
       Kick              |    12 |     1 ||    13
       Headbutt          |     5 |     1 ||     6
 Cast: Beastly Appendage |    24 |     3 ||    27
       Spider Form       |     3 |     6 ||     9
  Use: Potion            |     5 |       ||     5
 Stab: Sleeping          |     1 |     2 ||     3
  Eat: Chunk             |     1 |     3 ||     4
Armor: Robe              |    17 |     3 ||    20
       Skin              |     1 |     2 ||     3
Dodge: Dodged            |    59 |    56 ||   115

Table legend:
 A = Spawn XP
 B = Non-spawn XP
 C = Spawn XP percentage of total XP
 D = Spawn monster count
 E = Non-spawn monster count
 F = Spawn count percentage of total count
 G = Total turns spent on level
                    A         B        C        D         E        F      G
               +---------+---------+-------+---------+---------+-------+---------
         Total |       0 |     335 |   0.0 |       0 |      54 |   0.0 |  1478
               +---------+---------+-------+---------+---------+-------+---------
           D:1 |       0 |      36 |   0.0 |       0 |      21 |   0.0 |   526
           D:2 |       0 |     274 |   0.0 |       0 |      26 |   0.0 |   719
           D:3 |       0 |      25 |   0.0 |       0 |       7 |   0.0 |   233
               +---------+---------+-------+---------+---------+-------+---------
